 Dungeon Crawl Stone Soup version 0.25-a0-353-ged6d54792d (webtiles) character file.

Game seed: 3265245818613765377, levelgen mode: deterministic

212 BritishOli the Slasher (level 5, 0/38 HPs)
             Began as a Demonspawn Gladiator on Jan 2, 2020.
             Succumbed to an adder's poison
             ... on level 3 of the Dungeon.
             The game lasted 00:04:29 (2654 turns).

BritishOli the Slasher (Demonspawn Gladiator)       Turns: 2654, Time: 00:04:30

Health: 0/38       AC:  9    Str: 15    XL:     5   Next: 58%
Magic:  5/5        EV: 11    Int:  9    God:
Gold:   147        SH:  0    Dex: 15    Spells: 4/4 levels left

rFire    . . .     SeeInvis .   a - +0 long sword
rCold    . . .     Gourm    .   (no shield)
rNeg     . . .     Faith    .   q - +0 scale mail
rPois    .         Spirit   .   c - +0 helmet
rElec    .         Reflect  .   (no cloak)
rCorr    .         Harm     .   (no gloves)
MR       .....                  (no boots)
Stlth    ..........             (no amulet)
HPRegen  0.12/turn              (no ring)
MPRegen  0.09/turn              (no ring)

@: lethally poisoned (0 -> -4)
A: thin metallic scales 1
a: no special abilities


You were on level 3 of the Dungeon.
You were not hungry.

You visited 1 branch of the dungeon, and saw 3 of its levels.

You collected 147 gold pieces.

Inventory:

Hand Weapons
 a - a +0 long sword (weapon)
Missiles
 d - 3 throwing nets (quivered)
Armour
 b - a +0 leather armour
 c - a +0 helmet (worn)
 q - a +0 scale mail (worn)
Scrolls
 h - 2 scrolls of fog {unknown}
 i - a scroll of remove curse {unknown}
 j - a scroll of fear {unknown}
 l - 4 scrolls of identify {unknown}
 n - a scroll of enchant armour {unknown}
 r - a scroll of blinking {unknown}
 s - a scroll of random uselessness {unknown}
 t - a scroll of teleportation {unknown}
Potions
 e - a potion of berserk rage {unknown}
 g - 2 potions of degeneration {unknown}
 k - a potion of might {unknown}
 m - a potion of invisibility {unknown}
 o - a potion of flight {unknown}
 p - a potion of magic {unknown}
Comestibles
 f - 4 rations


   Skills:
 - Level 2.0 Fighting
 * Level 4.8 Long Blades
 - Level 2.0 Throwing
 + Level 0.5 Armour
 + Level 3.9 Dodging


You had 4 spell levels left.
You didn't know any spells.
Your spell library was empty.

Dungeon Overview and Level Annotations

Branches:
Dungeon (3/15)

Altars:
Yredelemnul


Innate Abilities, Weirdness & Mutations

You are partially covered in thin metallic scales. (AC +2)


Message History

You feel sick. The bat hits you.
* * * LOW HITPOINT WARNING * * *
The orc wizard barely misses you.
You riposte.
You barely miss the orc wizard.
The orc wizard is lightly wounded.
The orc barely misses you.
You riposte.
You barely miss the orc.
The orc hits you from afar with a +0 trident.
* * * LOW HITPOINT WARNING * * *
The orc wizard looks braver for a moment.
The orc misses you.
You hit the orc wizard.
The orc wizard is moderately wounded.
The bat hits you but does no damage.
The orc wizard hits you but does no damage.
The orc hits you from afar with a +0 trident.
* * * LOW HITPOINT WARNING * * *
The orc closely misses you.
You riposte.
You closely miss the orc.
Unknown command.
You closely miss the orc wizard.
The orc wizard is moderately wounded.
You die...

#................#####.
#.....#####.#.##.......
... #...(.#
#.#.######### ###
#...([# #.#.<..<.....
#.#.##.## #.#.###.####.
#......## #.#.#......#
#....$..# #.#.#...##.#
#.....#.## #.#.######.#
#.....#.@# #.#........#
#......o.oo...##########
......b..........
#.#....###.###.#.
....... .. # .##### #.#
.# ..


You could see an orc wizard, 2 orcs and a bat.

Vanquished Creatures
  A black bear (D:2)
  4 adders
  2 oozes (D:2)
  2 worms (D:2)
  A dart slug (D:2)
  2 leopard geckos
  2 orcs
  10 bats
  5 goblins
  8 hobgoblins
  4 jackals (D:2)
  2 quokkas
  A ball python (D:2)
  5 frilled lizards
  8 kobolds
  11 rats
68 creatures vanquished.

Notes
Turn   | Place    | Note
-------+----------+-------------------------------------------
     0 | D:1      | BritishOli the Demonspawn Gladiator began the quest for the
                  | Orb.
     0 | D:1      | Reached XP level 1. HP: 16/16 MP: 1/1
    75 | D:1      | Gained mutation: You are partially covered in thin metallic
                  | scales. (AC +2) [demonic ancestry]
    75 | D:1      | Reached XP level 2. HP: 13/22 MP: 2/2
    99 | D:1      | Reached skill level 3 in Long Blades
   682 | D:1      | Reached XP level 3. HP: 25/27 MP: 3/3
   778 | D:2      | Noticed a black bear
   785 | D:2      | Killed a black bear
   785 | D:2      | Reached skill level 4 in Long Blades
   785 | D:2      | Reached XP level 4. HP: 15/33 MP: 4/4
   786 | D:2      | Reached XP level 5. HP: 17/38 MP: 5/5
  1691 | D:2      | Found a basalt altar of Yredelemnul.
  2320 | D:3      | Noticed an orc warrior
  2653 | D:3      | HP: 1/38 [orc/+0 trident (1)]
  2654 | D:3      | Succumbed to an adder's poison

Levels and vault maps discovered:
D:1:      nicolae_arrival_memento_mori, layout_loops_cross
D:2:      layout_basic, lemuel_round_altar, grunt_ministairs_2
D:3:      layout_basic

Skill      XL: |  1  2  3 |
---------------+----------+-----
Throwing       | 2 |  2.0
Long Blades    | 3 4 |  4.8
Dodging        | 3 |  3.9
Fighting       | |  2.0
Armour         | |  0.5

Action                   |  1- 3 |  4- 6 || total
-------------------------+-------+-------++-------
Melee: Long sword        |    97 |   100 ||   197
 Stab: Sleeping          |     1 |       ||     1
  Eat: Chunk             |       |     4 ||     4
       Ration            |       |     1 ||     1
Armor: Leather armour    |    45 |    18 ||    63
       Scale mail        |       |    39 ||    39
Dodge: Dodged            |   103 |    82 ||   185
       Rpst.: Long sword |    25 |    27 ||    52

Table legend:
 A = Non-vault XP
 B = Vault XP
 C = Vault XP percentage of total XP
 D = Non-vault monster count
 E = Vault monster count
 F = Vault count percentage of total count
                 A         B        C        D         E       F
            +---------+---------+-------+---------+---------+-------
      Total |     300 |       3 |   1.0 |      66 |       2 |   2.9
            +---------+---------+-------+---------+---------+-------
        D:1 |      41 |       0 |   0.0 |      28 |       0 |   0.0
        D:2 |     221 |       3 |   1.3 |      29 |       2 |   6.5
        D:3 |      38 |       0 |   0.0 |       9 |       0 |   0.0
            +---------+---------+-------+---------+---------+-------
